 Dungeon Crawl Stone Soup version 0.31-a0-542-gdc2a67831c (console) character file.

Game seed: 3452627979645088331

27 Lexodia the Trooper (level 3, -2/37 HPs)
             Began as an Ogre Gladiator on Aug 14, 2023.
             Killed from afar by Jessica (7 damage)
             ... with a puff of flame
             ... on level 2 of the Dungeon.
             The game lasted 00:00:44 (260 turns).

Lexodia the Trooper (Ogre Gladiator)                 Turns: 260, Time: 00:00:45

Health: -2/37      AC:  3    Str: 20    XL:     3   Next: 10%
Magic:  3/3        EV: 10    Int:  9    God:
Gold:   0          SH:  0    Dex: 10    Spells: 2/2 levels left

rFire   . . .        a - +0 flail
rCold   . . .        (no shield)
rNeg    . . .        b - +0 robe
rPois   .            c - +0 hat
rElec   .            (no cloak)
rCorr   .            (gloves unavailable)
SInv    .            (boots unavailable)
Will    .....        (no amulet)
Stlth   +            (no ring)
HPRegen 0.26/turn    (no ring)
MPRegen 0.08/turn

%: no passive effects
@: no status effects
A: large, unfitting armour, tough skin 1
a: no special abilities


You were on level 2 of the Dungeon.
You visited 1 branch of the dungeon, and saw 2 of its levels.

Inventory:

Hand Weapons
 a - a +0 flail (weapon)
Missiles
 d - 3 throwing nets (quivered)
 e - a large rock
Armour
 b - a +0 robe (worn)
 c - a +0 hat (worn)


   Skills:
 + Level 3.2 Fighting
 * Level 3.1 Maces & Flails
 + Level 2.3 Throwing
 + Level 2.9 Dodging


You had 2 spell levels left.
You didn't know any spells.
Your spell library was empty.

Dungeon Overview and Level Annotations

Branches:
Dungeon (2/15)

Altars:

Annotations:
D:2 Jessica


Innate Abilities, Weirdness & Mutations

You are too large for most types of armour.
You have tough skin. (AC +1)


Message History

You are poisoned.
The adder poisons you!
Damage: -19%(-6hp) hp: 81%(25hp)
You sock the adder!
You kill the adder!
You feel sick.
You have reached level 3!
Your experience leads to an increase in your attributes!
Increase (S)trength, (I)ntelligence, or (D)exterity?
You feel stronger. x3
You feel sick.
You feel sick.
You feel sick.
You are no longer poisoned.
HP restored.
Jessica the Apprentice Sorceress comes into view.
She is wielding a +0 club and carrying a wand of flame.
Jessica shouts!
Jessica zaps a wand.
The puff of flame hits you!
Huge Dmg: -27%(-10hp) hp: 73%(27hp)
You closely miss Jessica.
Jessica mumbles something strange.
Jessica hits you with a +0 club.
Jessica zaps a wand.
The puff of flame hits you!
Huge Dmg: -37%(-14hp) hp: 36%(13hp)
You are too injured to fight recklessly!
You are too injured to fight recklessly!
Unknown command.
You are too injured to fight recklessly!
Unknown command.
You are too injured to fight recklessly!
You hit Jessica.
Jessica is heavily wounded.
Jessica casts a spell at you. Pain shoots through your body!
* * * LOW HITPOINT WARNING * * *
Huge Dmg: -25%(-9hp) hp: 11%(4hp)
You closely miss Jessica.
Jessica is heavily wounded.
Jessica zaps a wand.
The puff of flame hits you!
You die...

######### #.......#
#.#####.##########
#.#####.##.@@....#
#....##.##.#####.#
#.##.##.##.#####.#
#.##.............#
######.......##.##.##.#
.......########.# #
######## #.. # #.## #
####### #..


You could see Jessica.

Vanquished Creatures
  2 adders (D:2)
  A bat (D:2)
  A goblin (D:2)
  A hobgoblin (D:1)
  2 kobolds
  A quokka (D:2)
  A rat (D:2)
9 creatures vanquished.

Notes
Turn   | Place    | Note
-------+----------+-------------------------------------------
     0 | D:1      | Lexodia the Ogre Gladiator began the quest for the Orb.
     0 | D:1      | Reached XP level 1. HP: 22/22 MP: 1/1
   115 | D:2      | Reached XP level 2. HP: 30/31 MP: 2/2
   184 | D:2      | Reached XP level 3. HP: 28/37 MP: 3/3
   256 | D:2      | Noticed Jessica
   258 | D:2      | Huge Dmg: 10 dmg
   259 | D:2      | Huge Dmg: 14 dmg
   260 | D:2      | Huge Dmg: 9 dmg
   260 | D:2      | Killed from afar by Jessica

Illustrated notes

Levels and vault maps discovered:
D:1:      dpeg_arrival_round_b, layout_basic, chequers_serial_rivers_small_b
D:2:      layout_loops_cross, serial_shops, shop,
          chequers_hall_statues_corner_a, kennysheep_generic_room_13,
          uniq_jessica

Skill      XL: |  1 |
---------------+----+-----
Fighting       | 3 |  3.2
Maces & Flails | 3 |  3.1
Throwing       | |  2.3
Dodging        | |  2.9

Action                     || total
---------------------------++-------
  Melee: Flail             ||    35
 Armour: Robe              ||    14
  Dodge: Dodged            ||    19

Table legend: (Time is in decaauts)
 A = Elapsed time spent in this place.
 B = Non-inter-level travel time spent in this place.
 C = Inter-level travel time spent in this place.
 D = Time resting spent in this place.
 E = Time spent auto-exploring this place.
 F = Levels seen in this place.
 G = Mean time per level.
                   A        B        C        D        E       F      G
               +--------+--------+--------+--------+--------+-----+--------+
         Total |    268 |    268 |      0 |      0 |    160 |   2 |  134.0 |
       Dungeon |    268 |    268 |      0 |      0 |    160 |   2 |  134.0 |
               +--------+--------+--------+--------+--------+-----+--------+

Top non-repeatable levels by time:
     D:2: 174 daAuts
     D:1: 94 daAuts
